 Dungeon Crawl Stone Soup version 0.26-a0-215-g1b87330c0f (webtiles) character file.

Game seed: 16023964135761257453

32 BritishOli the Ducker (level 3, -5/25 HPs)
             Began as a Demonspawn Gladiator on July 6, 2020.
             Slain by Sigmund
             ... wielding a +0 scythe
              (9 damage)
             ... on level 2 of the Dungeon.
             The game lasted 00:01:00 (1266 turns).

BritishOli the Ducker (Demonspawn Gladiator)        Turns: 1266, Time: 00:01:01

Health: -5/25      AC:  5    Str: 15    XL:     3   Next: 8%
Magic:  3/3        EV: 12    Int:  9    God:
Gold:   113        SH:  0    Dex: 14    Spells: 2/2 levels left

rFire    + . .     SeeInvis .   a - +0 long sword
rCold    . . .     Faith    .   (no shield)
rNeg     . . .     Spirit   .   m - +0 ring mail
rPois    .         Reflect  .   (helmet restricted)
rElec    .         Harm     .   (no cloak)
rCorr    .                      (no gloves)
MR       .....                  (no boots)
Stlth    +.........             (no amulet)
HPRegen  0.08/turn              (no ring)
MPRegen  0.08/turn              (no ring)

@: brilliant
A: claws 1, horns 1, fire resistance 1, frail 1, high mp 1
a: no special abilities


You were on level 2 of the Dungeon.
You were not hungry.

You visited 1 branch of the dungeon, and saw 2 of its levels.

You collected 113 gold pieces.

Inventory:

Hand Weapons
 a - a +0 long sword (weapon)
Armour
 b - a +0 leather armour
 c - a +0 helmet
 m - a +0 ring mail (worn)
Scrolls
 g - 2 scrolls of enchant armour {unknown}
 h - a scroll of immolation {unknown}
 i - a scroll of fear {unknown}
 j - 2 scrolls of magic mapping {unknown}
Potions
 l - a potion of haste {unknown}
Comestibles
 f - a ration


   Skills:
 + Level 2.3 Fighting
 + Level 2.9 Long Blades
 + Level 2.1 Throwing
 + Level 0.9 Armour
 + Level 3.0 Dodging


You had 2 spell levels left.
You didn't know any spells.
Your spell library was empty.

Dungeon Overview and Level Annotations

Branches:
Dungeon (2/15)

Altars:

Annotations:
D:2 Sigmund


Innate Abilities, Weirdness & Mutations

You have sharp fingernails.
You have a pair of small horns on your head.
Your flesh is heat resistant. (rF+)
You are frail. (-10% HP)
You have an increased reservoir of magic. (+10% MP)


Message History

The throwing net closely misses Sigmund.
Sigmund barely misses you.
Throwing (i - inventory)
d - 2 throwing nets (quivered)
Press: ? - help, Shift-Dir - straight line, f/p - Sigmund
Aim: Sigmund, wielding a +0 scythe and wearing a +0 robe You throw a throwing net.
The throwing net barely misses Sigmund.
Throwing (i - inventory)
d - a throwing net (quivered)
Press: ? - help, Shift-Dir - straight line, f/p - Sigmund
Aim: Sigmund, wielding a +0 scythe and wearing a +0 robe You throw a throwing net.
The throwing net barely misses Sigmund.
Sigmund hits you with a +0 scythe!
* * * LOW HITPOINT WARNING * * *
You aren't carrying any items that you can evoke.
Unknown command.
It was a potion of brilliance.
You feel clever all of a sudden.
It was a potion of mutation.
You feel extremely strange.
You feel frail.
You feel resistant to heat.
You feel more energetic. Sigmund hits you with a +0 scythe!
You die...

..(.'..+...+.# ##
....##+#...#########.#
#....................#
#.......#####........#
#.......# #........#
####....# #........#
#....# #........#
#....# #........##
#....# #...@@...(#
#....# #...........
#....# #.........##
.....# ###########
######


You could see Sigmund.

Vanquished Creatures
  4 dart slugs
  3 bats (D:1)
  A goblin (D:1)
  2 hobgoblins (D:1)
  3 jackals (D:2)
  3 kobolds (D:1)
  A quokka (D:2)
  5 rats
22 creatures vanquished.

Notes
Turn   | Place    | Note
-------+----------+-------------------------------------------
     0 | D:1      | BritishOli the Demonspawn Gladiator began the quest for the
                  | Orb.
     0 | D:1      | Reached XP level 1. HP: 16/16 MP: 1/1
   297 | D:1      | Gained mutation: You have a pair of small horns on your
                  | head. [demonic ancestry]
   297 | D:1      | Reached XP level 2. HP: 22/22 MP: 2/2
  1198 | D:2      | Gained mutation: You have sharp fingernails. [demonic
                  | ancestry]
  1198 | D:2      | Reached XP level 3. HP: 28/28 MP: 3/3
  1201 | D:2      | Reached skill level 3 in Dodging
  1252 | D:2      | Noticed Sigmund
  1266 | D:2      | Gained mutation: You are frail. (-10% HP) [potion of
                  | mutation]
  1266 | D:2      | Gained mutation: Your flesh is heat resistant. (rF+)
                  | [potion of mutation]
  1266 | D:2      | Gained mutation: You have an increased reservoir of magic.
                  | (+10% MP) [potion of mutation]
  1266 | D:2      | Slain by Sigmund

Illustrated notes

Levels and vault maps discovered:
D:1:      eino_arrival_cavern_d, layout_loops_ring, minmay_pentomino_t4
D:2:      layout_basic, elyvilon_altar_3,
          nicolae_gozag_cash_rules_everything_around_me, uniq_sigmund,
          uniq_natasha, uniq_robin, uniq_jessica

Skill      XL: |  1  2  3 |
---------------+----------+-----
Throwing       | 2 |  2.1
Dodging        | 3 |  3.0
Fighting       | |  2.3
Long Blades    | |  2.9
Armour         | |  0.9

Action                   || total
-------------------------++-------
Melee: Long sword        ||    54
       Headbutt          ||     8
Throw: Throwing net      ||     3
  Use: Potion            ||     2
  Eat: Ration            ||     1
Armor: Leather armour    ||    17
       Ring mail         ||     7
Dodge: Dodged            ||    48
       Rpst.: Long sword ||     9

Table legend:
 A = Non-vault XP
 B = Vault XP
 C = Vault XP percentage of total XP
 D = Non-vault monster count
 E = Vault monster count
 F = Vault count percentage of total count
                 A         B        C        D         E       F
            +---------+---------+-------+---------+---------+-------
      Total |      38 |       8 |  17.4 |      18 |       4 |  18.2
            +---------+---------+-------+---------+---------+-------
        D:1 |      23 |       8 |  25.8 |      10 |       4 |  28.6
        D:2 |      15 |       0 |   0.0 |       8 |       0 |   0.0
            +---------+---------+-------+---------+---------+-------
